 Dungeon Crawl Stone Soup version 0.20-a0-1026-gc3ddcbd (webtiles) character file.

303 JeffiDaFish the Shield-Bearer (level 6, 0/38 HPs)
             Began as a Gargoyle Fighter on Apr 20, 2017.
             Was a Follower of Okawaru.
             Killed by divine providence
             ... invoked by an orc priest
              (14 damage)
             ... on level 4 of the Dungeon.
             The game lasted 00:05:55 (3434 turns).

JeffiDaFish the Shield-Bearer (Gargoyle Fighter)    Turns: 3434, Time: 00:05:57

Health: 0/38       AC: 11    Str: 20    XL:     6   Next: 38%
Magic:  6/6        EV: 10    Int:  8    God:    Okawaru [*.....]
Gold:   182        SH: 11    Dex: 11    Spells: 5/5 levels left

rFire    . . .     SeeInvis .   a - +0 flail
rCold    . . .     Gourm    .   c - +2 shield
rNeg     + . .     Faith    .   b - +0 scale mail
rPois    ∞         Spirit   .   (no helmet)
rElec    +         Reflect  .   (no cloak)
rCorr    .         Harm     .   (no gloves)
MR       .....                  (no boots)
Stlth    ..........             (no amulet)
Regen    0.2/turn               (no ring)
MPRegen  0.1/turn               (no ring)

@: no status effects
A: repulsion field 1, negative energy resistance 1, electricity resistance, wild
magic 1, unbreathing, petrification resistance, rot immunity, AC +4
a: Heroism, Renounce Religion


You were on level 4 of the Dungeon.
You worshipped Okawaru.
Okawaru was aware of your devotion.
You were very hungry.

You visited 2 branches of the dungeon, and saw 5 of its levels.

You collected 182 gold pieces.

Inventory:

Hand Weapons
 a - a +0 flail (weapon)
Armour
 b - a +0 scale mail (worn)
 c - a +2 shield (worn)
Wands
 l - a wand of flame (24/48)
Scrolls
 e - 3 scrolls of fear
 h - 6 scrolls of identify
 i - a scroll of teleportation
Comestibles
 f - 3 bread rations
 j - 9 fruits
 k - 3 meat rations


   Skills:
 + Level 3.8 Fighting
 + Level 4.1 Maces & Flails
 + Level 4.4 Armour
 + Level 1.1 Dodging
 + Level 0.2 Stealth
 + Level 4.8 Shields


You had 5 spell levels left.
You didn't know any spells.

Dungeon Overview and Level Annotations

Branches:
Dungeon (4/15)             Temple (1/1) D:4

Altars:
Cheibriados
Dithmenos
Elyvilon
Fedhas
Gozag
Nemelex Xobeh
Okawaru
Qazlal
Ru
Trog
Uskayaw
Vehumet
Wu Jian
Xom
Zin
The Shining One

Shops:
D:4 }

Annotations:
D:4 Chaoticas's ghost, amateur DsFE


Innate Abilities, Weirdness & Mutations

You are resistant to torment.
Your stone body is resilient. (AC +4)
You are immune to poison.
You resist negative energy. (rN+)
You are resistant to electric shocks. (rElec)
You can survive without breathing.
You are immune to petrification.
You are immune to rotting.
You are surrounded by a mild repulsion field. (EV +2)
Your spells are a little harder to cast, but a little more powerful.


Message History

You are too injured to fight recklessly!
You are too injured to fight recklessly!
You are too injured to fight recklessly!
You aren't carrying any potions.
You thump the orc!
You kill the orc!
Okawaru accepts your kill. The orc priest closely misses you.
You hit the orc priest.
The orc priest is lightly wounded.
You sock the orc priest!
The orc priest is heavily wounded.
The orc priest barely misses you. You block the orc priest's attack.
You sock the orc priest!
You kill the orc priest!
Okawaru accepts your kill.
You can now gain great but temporary skills.
The orc priest invokes the aid of Beogh against you.
Beogh smites you!
You die...

#.# ##.## #.# ##...##
#.####.....### #
#####............# .#
...............#.# #.##
####..####....##.##...##
#..# #....##.#.....#
#..# #...o.)o......#
####..# #.>..##@#.....#
............)###.##...##
####..####...# #.# ####
#... #.# ..... #.#
###..# #.# #### #.o #.#
.... .W. ..# #### ###


You could see 2 orc priests.

Vanquished Creatures
  An ogre (D:4)
  2 orc priests (D:4)
  4 gnolls (D:3)
  5 adders
  An ooze (D:1)
  2 dart slugs
  8 orcs
  3 ball pythons
  4 giant cockroaches
  5 goblins
  7 hobgoblins
  2 jackals (D:1)
  2 quokkas
  8 bats
  3 frilled lizards
  5 kobolds
  3 rats
65 creatures vanquished.

Notes
Turn   | Place    | Note
-------+----------+-------------------------------------------
     0 | D:1      | JeffiDaFish the Gargoyle Fighter began the quest for the Orb.
     0 | D:1      | Reached XP level 1. HP: 14/14 MP: 1/1
   369 | D:1      | Reached XP level 2. HP: 18/19 MP: 2/2
   677 | D:1      | Reached XP level 3. HP: 18/23 MP: 3/3
   979 | D:2      | Found a blossoming altar of Fedhas.
  1012 | D:2      | Found a glowing golden altar of the Shining One.
  1349 | D:2      | Gained mutation: Your spells are a little harder to cast, but a little more powerful. [potion of mutation]
  1349 | D:2      | Gained mutation: You are surrounded by a mild repulsion field. (EV +2) [potion of mutation]
  1370 | D:2      | You fall through a shaft for 2 floors!
  1399 | D:4      | Found a staircase to the Ecumenical Temple.
  1472 | Temple   | Entered the Ecumenical Temple
  1594 | Temple   | Became a worshipper of Warmaster Okawaru
  1676 | D:4      | Noticed an ogre
  1682 | D:4      | Killed an ogre
  1682 | D:4      | Reached XP level 4. HP: 29/29 MP: 4/4
  1682 | D:4      | Reached XP level 5. HP: 33/33 MP: 5/5
  2013 | D:2      | Found a sacrificial altar of Ru.
  2690 | D:3      | Reached skill level 1 in Dodging
  2690 | D:3      | Reached XP level 6. HP: 34/38 MP: 6/6
  3110 | D:4      | Found Rautwid's Gadget Boutique.
  3426 | D:4      | Noticed Chaoticas's ghost (amateur DsFE)
  3434 | D:4      | Reached * piety under Okawaru
  3434 | D:4      | Killed from afar by an orc priest

Vault maps used:
D:1:      mrwooster_arrival_arrow
D:2:      lemuel_doored_altar, nicolae_ru_the_path_less_chosen,
          roderic_lattice_a, fedhas_altar_fruit_tree
D:3:      moated_statue
D:4:      minmay_temple_entry_glassed_door, serial_shops, shop, tgw_xom
Temple:   jpeg_temple_clearing

Skill      XL: |  1  2  3  4  5  6 |
---------------+-------------------+-----
Maces & Flails | 3 4 |  4.1
Armour         | 4 |  4.4
Shields        | 4 |  4.8
Dodging        | 1 |  1.1
Fighting       | |  3.8
Stealth        | |  0.2

Action                   |  1- 3 |  4- 6 || total
-------------------------+-------+-------++-------
Melee: Flail             |   115 |   178 ||   293
  Use: Scroll            |     8 |     2 ||    10
       Potion            |     6 |       ||     6
  Eat: Chunk             |     2 |     5 ||     7
Armor: Scale mail        |    63 |    71 ||   134
Dodge: Dodged            |    38 |    63 ||   101
Block: Shield            |    71 |   115 ||   186
